PCL
SANTA MONICA BRUINS @ DISTRICT 9 PRAWNS
08/05/2027
 
TOP OF THE 1ST
Santa Monica Bruins batting - Pitching for District 9 Prawns : LHP Ricardo Vega
Pitching: LHP Ricardo Vega
Batting: RHB Armando Colón 0-0: Ball
1-0: SINGLE (Groundball, 34D)
Batting: RHB Alfredo López 0-0: Fly out, F8 (Flyball, 8LM)
Batting: RHB Mario Beltrán 0-0: Called Strike
0-1: Grounds into double play, 4-6-3 (Groundball, 4)
Top of the 1st over - 0 run(s), 1 hit(s), 0 error(s), 0 left on base; Santa Monica 0 - District 9 0
BOTTOM OF THE 1ST
District 9 Prawns batting - Pitching for Santa Monica Bruins : RHP Jesús De Los Santos
Pitching: RHP Jesús De Los Santos
Batting: LHB Tommy Payne 0-0: Ball
1-0: Ball
2-0: Called Strike
2-1: Ball
3-1: Swinging Strike
3-2: SINGLE (Flyball, 7S)
Batting: RHB José Colón 0-0: Ball
1-0: Ground out 6-3 (Groundball, 56)
Tommy Payne to second
Batting: SHB Rick Turner 0-0: Called Strike
0-1: Ball
1-1: Foul Ball, location: 2F
1-2: Fly out, F7 (Flyball, 7LM)
Batting: LHB José Flores 0-0: Ground out 5-3 (Groundball, 5)
Bottom of the 1st over - 0 run(s), 1 hit(s), 0 error(s), 1 left on base; Santa Monica 0 - District 9 0
TOP OF THE 2ND
Santa Monica Bruins batting - Pitching for District 9 Prawns : LHP Ricardo Vega
Batting: RHB Luis Martínez 0-0: Foul Ball, location: 2F
0-1: Ball
1-1: DOUBLE (Line Drive, 7LD)
Batting: LHB Sammy Marshall 0-0: Called Strike
0-1: Foul Ball, location: 2F
0-2: Strikes out swinging
Batting: RHB George Howard 0-0: Fly out, F4 (Popup, 3D)
Batting: LHB Francisco Medina 0-0: Called Strike
0-1: Called Strike
0-2: Fly out, F8 (Flyball, 8RM)
Top of the 2nd over - 0 run(s), 1 hit(s), 0 error(s), 1 left on base; Santa Monica 0 - District 9 0
BOTTOM OF THE 2ND
District 9 Prawns batting - Pitching for Santa Monica Bruins : RHP Jesús De Los Santos
Batting: LHB Pedro Gonzáles 0-0: DOUBLE (Line Drive, 9LM)
Batting: RHB Edgardo Carrasco 0-0: Ball
1-0: Ball
2-0: SINGLE (Groundball, 56D)
Pedro Gonzáles to third
Batting: RHB Boyd Pittman 0-0: Ball
1-0: TRIPLE (Line Drive, 89XD)
Pedro Gonzáles scores
Edgardo Carrasco scores
Batting: RHB Rafael González 0-0: Foul Ball, location: 2F
0-1: Ground out 5-3 (Groundball, 56)
Boyd Pittman scores
Batting: LHB Miguel Barrón 0-0: Ball
1-0: SINGLE (Line Drive, 78S)
Batting: LHB Tommy Payne 0-0: Ball
1-0: Ball
2-0: Grounds into double play, 4-6-3 (Groundball, 4)
Bottom of the 2nd over - 3 run(s), 4 hit(s), 0 error(s), 0 left on base; Santa Monica 0 - District 9 3
TOP OF THE 3RD
Santa Monica Bruins batting - Pitching for District 9 Prawns : LHP Ricardo Vega
Batting: RHB Johnny Williams 0-0: Called Strike
0-1: Ball
1-1: Fly out, F4 (Popup, 4D)
Batting: RHB Bonifacio Torres 0-0: Ball
1-0: Ball
2-0: Ball
3-0: Called Strike
3-1: Base on Balls
Batting: RHB Armando Colón 0-0: Ball
1-0: Fly out, F9 (Flyball, 9LM)
Batting: RHB Alfredo López 0-0: Ball
1-0: Ball
2-0: Foul Ball, location: 2F
2-1: Ball
3-1: Base on Balls
Bonifacio Torres to second
Batting: RHB Mario Beltrán 0-0: Fly out, F6 (Popup, 6)
Top of the 3rd over - 0 run(s), 0 hit(s), 0 error(s), 2 left on base; Santa Monica 0 - District 9 3
BOTTOM OF THE 3RD
District 9 Prawns batting - Pitching for Santa Monica Bruins : RHP Jesús De Los Santos
Batting: RHB José Colón 0-0: Ball
1-0: Fly out, F7 (Flyball, 7S)
Batting: SHB Rick Turner 0-0: Ball
1-0: Ball
2-0: Foul Ball, location: 2F
2-1: DOUBLE (Line Drive, 8RXD)
Batting: LHB José Flores 0-0: Swinging Strike
0-1: Called Strike
0-2: 2-RUN HOME RUN (Flyball, 89XD), Distance : 429 ft
Batting: LHB Pedro Gonzáles 0-0: Called Strike
0-1: Fly out, F8 (Flyball, 8LM)
Batting: RHB Edgardo Carrasco 0-0: Called Strike
0-1: Called Strike
0-2: Ball
1-2: Strikes out swinging
Bottom of the 3rd over - 2 run(s), 2 hit(s), 0 error(s), 0 left on base; Santa Monica 0 - District 9 5
TOP OF THE 4TH
Santa Monica Bruins batting - Pitching for District 9 Prawns : LHP Ricardo Vega
Batting: RHB Luis Martínez 0-0: Foul Ball, location: 2F
0-1: Fly out, F6 (Line Drive, 6M)
Batting: LHB Sammy Marshall 0-0: Ball
1-0: Called Strike
1-1: Foul Ball, location: 2F
1-2: Ball
2-2: Ball
3-2: Strikes out looking
Batting: RHB George Howard 0-0: Swinging Strike
0-1: Foul Ball, location: 2F
0-2: Strikes out swinging
Top of the 4th over - 0 run(s), 0 hit(s), 0 error(s), 0 left on base; Santa Monica 0 - District 9 5
BOTTOM OF THE 4TH
District 9 Prawns batting - Pitching for Santa Monica Bruins : RHP Jesús De Los Santos
Batting: RHB Boyd Pittman 0-0: Foul Ball, location: 2F
0-1: Swinging Strike
0-2: Foul Ball, location: 2F
0-2: Fly out, F9 (Flyball, 9S)
Batting: RHB Rafael González 0-0: Ball
1-0: Ball
2-0: Swinging Strike
2-1: Ball
3-1: Swinging Strike
3-2: Strikes out swinging
Pitching: RHP Rafael Blanco
Batting: LHB Miguel Barrón 0-0: Called Strike
0-1: Ground out 1-3 (Groundball, 13S)
Bottom of the 4th over - 0 run(s), 0 hit(s), 0 error(s), 0 left on base; Santa Monica 0 - District 9 5
TOP OF THE 5TH
Santa Monica Bruins batting - Pitching for District 9 Prawns : LHP Ricardo Vega
Batting: LHB Francisco Medina 0-0: Called Strike
0-1: Ball
1-1: Called Strike
1-2: Strikes out swinging
Batting: RHB Johnny Williams 0-0: Swinging Strike
0-1: Ball
1-1: Foul Ball, location: 2F
1-2: Ball
2-2: Ground out 2-3 (Groundball, 15S)
Batting: RHB Bonifacio Torres 0-0: Foul Ball, location: 2F
0-1: Fly out, F4 (Line Drive, 4)
Top of the 5th over - 0 run(s), 0 hit(s), 0 error(s), 0 left on base; Santa Monica 0 - District 9 5
BOTTOM OF THE 5TH
District 9 Prawns batting - Pitching for Santa Monica Bruins : RHP Rafael Blanco
Batting: LHB Tommy Payne 0-0: Ball
1-0: Foul Ball, location: 2F
1-1: Foul Ball, location: 2F
1-2: Strikes out looking
Batting: RHB José Colón 0-0: DOUBLE (Groundball, 5L)
Batting: SHB Rick Turner 0-0: Intentional Walk
Batting: LHB José Flores 0-0: Ball
1-0: Ball
2-0: Ball
3-0: Called Strike
3-1: Swinging Strike
3-2: Fielders Choice at 2nd, 4-6 (Groundball, 34)
José Colón to third
Batting: LHB Pedro Gonzáles 0-0: Called Strike
0-1: Ball
1-1: Ball
2-1: SINGLE (Groundball, 25) (infield hit)
José Colón scores
José Flores to second
Batting: RHB Edgardo Carrasco 0-0: Fly out, F8 (Flyball, 8RM)
Bottom of the 5th over - 1 run(s), 2 hit(s), 0 error(s), 2 left on base; Santa Monica 0 - District 9 6
TOP OF THE 6TH
Santa Monica Bruins batting - Pitching for District 9 Prawns : LHP Ricardo Vega
Batting: RHB Armando Colón 0-0: Foul Ball, location: 2F
0-1: Called Strike
0-2: Ball
1-2: Foul Ball, location: 2F
1-2: Ball
2-2: Ball
3-2: Base on Balls
Batting: RHB Alfredo López 0-0: Ball
1-0: Ball
2-0: SINGLE (Line Drive, 9S)
Armando Colón to second
Batting: RHB Mario Beltrán 0-0: SINGLE (Groundball, 4MD)
Armando Colón to third
Alfredo López to second
Runner from 3rd tries for Home, SAFE, throw made at trailing runner, OUT at third!
Batting: RHB Luis Martínez 0-0: Foul Ball, location: 2F
0-1: Ground out 4-3 (Groundball, 4MD)
Mario Beltrán to second
Batting: LHB Sammy Marshall 0-0: Ball
1-0: Ball
2-0: Called Strike
2-1: Fly out, F7 (Flyball, 7)
Top of the 6th over - 1 run(s), 2 hit(s), 0 error(s), 1 left on base; Santa Monica 1 - District 9 6
BOTTOM OF THE 6TH
District 9 Prawns batting - Pitching for Santa Monica Bruins : RHP Rafael Blanco
Batting: RHB Boyd Pittman 0-0: Ball
1-0: Foul Ball, location: 2F
1-1: Ball
2-1: Ground out 2-3 (Groundball, 2L)
Batting: RHB Rafael González 0-0: Called Strike
0-1: Ball
1-1: SINGLE (Flyball, 6MD)
Batting: LHB Miguel Barrón 0-0: Called Strike
0-1: Ball
1-1: SINGLE (Groundball, 34D)
Rafael González to second
Runner from 2nd tries for 3rd, SAFE, throw made to third
Batting: LHB Tommy Payne 0-0: Foul Ball, location: 2F
0-1: Ball
1-1: Called Strike
1-2: SINGLE (Groundball, 34) (infield hit)
Rafael González scores
Miguel Barrón to second
Batting: RHB José Colón 0-0: Ball
1-0: Foul Ball, location: 2F
1-1: Ball
2-1: Ball
3-1: Base on Balls
Miguel Barrón to third
Tommy Payne to second
Batting: SHB Rick Turner 0-0: Called Strike
0-1: Swinging Strike
0-2: Strikes out swinging
Batting: LHB José Flores 0-0: Called Strike
0-1: Ball
1-1: SINGLE (Groundball, 34D)
Miguel Barrón scores
Tommy Payne to third
José Colón to second
Runner from 3rd tries for Home, SAFE, throw made at trailing runner, OUT at third!
Bottom of the 6th over - 3 run(s), 4 hit(s), 0 error(s), 1 left on base; Santa Monica 1 - District 9 9
TOP OF THE 7TH
Santa Monica Bruins batting - Pitching for District 9 Prawns : LHP Ricardo Vega
Batting: RHB George Howard 0-0: Foul Ball, location: 2F
0-1: Fly out, F4 (Line Drive, 4)
Batting: LHB Francisco Medina 0-0: Ground out 4-3 (Groundball, 34)
Batting: RHB Johnny Williams 0-0: Swinging Strike
0-1: Called Strike
0-2: Ball
1-2: Ball
2-2: Ball
3-2: Foul Ball, location: 2F
3-2: Strikes out swinging
Top of the 7th over - 0 run(s), 0 hit(s), 0 error(s), 0 left on base; Santa Monica 1 - District 9 9
BOTTOM OF THE 7TH
District 9 Prawns batting - Pitching for Santa Monica Bruins : RHP Rafael Blanco
Pitching: RHP Juan González
Batting: LHB Pedro Gonzáles 0-0: Ball
1-0: Foul Ball, location: 2F
1-1: Ball
2-1: SINGLE (Line Drive, 8RS)
Batting: RHB Edgardo Carrasco 0-0: Fly out, F4 (Popup, 4M)
Batting: RHB Boyd Pittman 0-0: Ball
1-0: Ball
2-0: Called Strike
2-1: Called Strike
2-2: Ground out 6-3 (Groundball, 6S)
Pedro Gonzáles to second
Batting: RHB Rafael González 0-0: Ball
1-0: Ground out 6-3 (Groundball, 6M)
Bottom of the 7th over - 0 run(s), 1 hit(s), 0 error(s), 1 left on base; Santa Monica 1 - District 9 9
TOP OF THE 8TH
Santa Monica Bruins batting - Pitching for District 9 Prawns : LHP Ricardo Vega
Batting: RHB Bonifacio Torres 0-0: Ball
1-0: Called Strike
1-1: Ball
2-1: Ball
3-1: Base on Balls
Batting: RHB Armando Colón 0-0: Foul Ball, location: 2F
0-1: Ball
1-1: Swinging Strike
1-2: Strikes out swinging
Batting: RHB Alfredo López 0-0: SINGLE (Groundball, 6MS) (infield hit)
Bonifacio Torres to second
Batting: RHB Mario Beltrán 0-0: Called Strike
0-1: Ball
1-1: Called Strike
1-2: Strikes out swinging
Batting: RHB Luis Martínez 0-0: Called Strike
0-1: Swinging Strike
0-2: Ball
1-2: Ball
2-2: Ground out 5-3 (Groundball, 56S)
Top of the 8th over - 0 run(s), 1 hit(s), 0 error(s), 2 left on base; Santa Monica 1 - District 9 9
BOTTOM OF THE 8TH
District 9 Prawns batting - Pitching for Santa Monica Bruins : RHP Juan González
Batting: LHB Miguel Barrón 0-0: Foul Ball, location: 2F
0-1: Fly out, F8 (Flyball, 78D)
Batting: LHB Tommy Payne 0-0: Ball
1-0: Ball
2-0: Foul Ball, location: 2F
2-1: Swinging Strike
2-2: Ball
3-2: Fly out, F2 (Popup, 3S)
Batting: RHB José Colón 0-0: Ball
1-0: Foul Ball, location: 2F
1-1: Swinging Strike
1-2: Ball
2-2: Ball
3-2: Reached on error, E6 (Groundball, 6)
Batting: SHB Rick Turner 0-0: Called Strike
0-1: Ball
1-1: Ground out 6-3 (Groundball, 6)
Bottom of the 8th over - 0 run(s), 0 hit(s), 1 error(s), 1 left on base; Santa Monica 1 - District 9 9
TOP OF THE 9TH
Santa Monica Bruins batting - Pitching for District 9 Prawns : LHP Ricardo Vega
Now at 3B: Manuel Cardenas
Batting: LHB Sammy Marshall 0-0: Called Strike
0-1: Ball
1-1: Fly out, F4 (Popup, 34D)
Pitching: RHP Mike Stabler
Batting: RHB George Howard 0-0: Swinging Strike
0-1: Ball
1-1: Foul Ball, location: 2F
1-2: Foul Ball, location: 2F
1-2: Foul Ball, location: 2F
1-2: Ball
2-2: Foul Ball, location: 2F
2-2: Ball
3-2: Strikes out swinging
Batting: LHB Francisco Medina 0-0: Ground out U3 (Groundball, 34S)
Top of the 9th over - 0 run(s), 0 hit(s), 0 error(s), 0 left on base; Santa Monica 1 - District 9 9
Thursday, March 30th, 2017 - OOTP Baseball 17.12 Build 75